 Dungeon Crawl Stone Soup version 0.21.1-1-g345015f (webtiles) character file.

70 Monsterracer the Magician (level 3, -1/26 HPs)
             Began as a Demigod Wizard on May 10, 2018.
             Slain by a worm (9 damage)
             ... on level 2 of the Dungeon.
             The game lasted 00:05:08 (2904 turns).

Monsterracer the Magician (Demigod Wizard)          Turns: 2904, Time: 00:05:09

Health: -1/26      AC:  3    Str: 10    XL:     3   Next: 77%
Magic:  0/10       EV: 12    Int: 24    God:
Gold:   62         SH:  0    Dex: 14    Spells: 4/7 levels left

rFire    . . .     SeeInvis .   k - +0 mace
rCold    . . .     Gourm    .   (no shield)
rNeg     . . .     Faith    .   a - +0 robe
rPois    .         Spirit   .   f - +1 hat
rElec    .         Reflect  .   (no cloak)
rCorr    .         Harm     .   (no gloves)
MR       .....                  (no boots)
Stlth    ++........             (no amulet)
HPRegen  0.08/turn              (no ring)
MPRegen  0.12/turn              (no ring)

@: very slightly contaminated
A: high mp 1
a: no special abilities


You were on level 2 of the Dungeon.
You were not hungry.

You visited 1 branch of the dungeon, and saw 2 of its levels.

You collected 62 gold pieces.

Inventory:

Hand Weapons
 b - a -3 spear
 k - a +0 mace (weapon)
Armour
 a - a +0 robe (worn)
 f - a +1 hat (worn)
Scrolls
 e - 2 scrolls of enchant armour
 g - a scroll of identify
 j - a scroll of blinking
Potions
 h - 2 potions of flight
 i - 2 potions of might {unknown}
 l - 2 potions of lignification
 m - a potion of curing {unknown}
 n - a potion of magic
 p - a potion of invisibility {unknown}
Books
 d - a book of Minor Magic

   Spells                             Type                      Level
   a - Magic Dart                     Conjuration                  1
   b - Blink                          Translocation                2
   c - Call Imp                       Summoning                    2
   d - Slow                           Hexes                        2
   e - Conjure Flame                  Conjuration/Fire             3
   f - Mephitic Cloud                 Conjuration/Poison/Air       3
Comestibles
 c - 7 rations
 o - 5 chunks of flesh


   Skills:
 - Level 2.2 Dodging
 - Level 2.2 Stealth
 - Level 2.9 Spellcasting
 + Level 2.7 Conjurations
   Level 0.8 Summonings
 - Level 0.8 Translocations


You had 4 spell levels left.
You knew the following spells:

 Your Spells              Type           Power        Failure   Level  Hunger
a - Magic Dart            Conj           ###.         3%          1    None
e - Blink                 Tloc           N/A          12%         2    ##.....


Dungeon Overview and Level Annotations

Branches:
Dungeon (2/15)


Innate Abilities, Weirdness & Mutations

You have an increased reservoir of magic. (+10% MP)


Message History

Press: ? - help, Shift-Dir - straight line, f - worm
Aim: a worm The magic dart hits the worm.
The worm is lightly wounded.
You now have 9/10 mp.
Casting: Magic Dart
Confirm with . or Enter, or press ? or * to list all spells.
Aiming: Magic Dart
Press: ? - help, Shift-Dir - straight line, f/p - worm
Aim: a worm (lightly wounded)
The magic dart hits the worm.
The worm is moderately wounded.
You now have 8/10 mp.
Casting: Magic Dart
Confirm with . or Enter, or press ? or * to list all spells.
Aiming: Magic Dart
Press: ? - help, Shift-Dir - straight line, f/p - worm
Aim: a worm (moderately wounded)
The magic dart hits the worm.
The worm is moderately wounded.
You now have 7/10 mp.
Casting: Magic Dart
Confirm with . or Enter, or press ? or * to list all spells.
Aiming: Magic Dart
Press: ? - help, Shift-Dir - straight line, f/p - worm
Aim: a worm (moderately wounded)
The magic dart hits the worm.
The worm is heavily wounded.
You now have 6/10 mp.
Casting: Magic Dart
Confirm with . or Enter, or press ? or * to list all spells.
You can't see any susceptible monsters within range! (Use Z to cast anyway.) Unknown command.
Casting: Magic Dart
Confirm with . or Enter, or press ? or * to list all spells.
You can't see any susceptible monsters within range! (Use Z to cast anyway.) Unknown command.
Unknown command.
Casting: Magic Dart
Confirm with . or Enter, or press ? or * to list all spells.
You can't see any susceptible monsters within range! (Use Z to cast anyway.) Unknown command.
Casting: Magic Dart
Confirm with . or Enter, or press ? or * to list all spells.
Aiming: Magic Dart
Press: ? - help, Shift-Dir - straight line, f/p - worm
Aim: a worm (heavily wounded)
The magic dart hits the worm.
The worm is heavily wounded.
You now have 5/10 mp.
Casting: Magic Dart
Confirm with . or Enter, or press ? or * to list all spells.
Aiming: Magic Dart
Press: ? - help, Shift-Dir - straight line, f/p - worm
Aim: a worm (heavily wounded)
The magic dart hits the worm.
The worm is severely wounded.
The worm bites you!
You take 9 damage, and have 17/26 hp.
MASSIVE DAMAGE!!
You now have 4/10 mp.
Casting: Magic Dart
Confirm with . or Enter, or press ? or * to list all spells.
Aiming: Magic Dart
Press: ? - help, Shift-Dir - straight line, f/p - worm
Aim: a worm (severely wounded)
The magic dart hits the worm.
The worm is severely wounded.
You now have 3/10 mp.
Casting: Magic Dart
Confirm with . or Enter, or press ? or * to list all spells.
Aiming: Magic Dart
Press: ? - help, Shift-Dir - straight line, f/p - worm
Aim: a worm (severely wounded)
You miscast Magic Dart.
You are very lightly contaminated with residual magic.
You feel a strange surge of energy! The worm barely misses you.
Casting: Magic Dart
Confirm with . or Enter, or press ? or * to list all spells.
Aiming: Magic Dart
Press: ? - help, Shift-Dir - straight line, f/p - worm
Aim: a worm (heavily wounded)
The magic dart hits the worm.
The worm is almost dead.
The worm bites you!
* * * LOW HITPOINT WARNING * * *
You take 9 damage, and have 8/26 hp.
MASSIVE DAMAGE!!
You now have 2/10 mp.
Casting: Magic Dart
Confirm with . or Enter, or press ? or * to list all spells.
Aiming: Magic Dart
Press: ? - help, Shift-Dir - straight line, p - worm You now have 1/10 mp.
Unknown command.
Casting: Magic Dart
Confirm with . or Enter, or press ? or * to list all spells.
Aiming: Magic Dart
Press: ? - help, Shift-Dir - straight line, f - worm
Aim: a worm (almost dead)
The magic dart hits the worm.
The worm is almost dead.
The worm bites you!
You die...

#........# ##...##
#.###.##.# #+##
#.....##.# .#
#.######.## .#
#.......(.# #.##
#..##.##..# ...##
#.........# ....#
#......##.###w..##.#
##.##.......@......#
#.##.###.########.#
#.##.....#
#..).....#
##########


You could see a worm.

Vanquished Creatures
  An adder (D:2)
  An ooze (D:2)
  5 dart slugs
  A leopard gecko (D:2)
  2 giant cockroaches (D:2)
  6 goblins
  6 hobgoblins
  4 jackals (D:2)
  5 kobolds
  A quokka (D:2)
  5 bats
  2 frilled lizards (D:2)
  3 rats
42 creatures vanquished.

Notes
Turn   | Place    | Note
-------+----------+-------------------------------------------
     0 | D:1      | Monsterracer the Demigod Wizard began the quest for the Orb.
     0 | D:1      | Reached XP level 1. HP: 14/14 MP: 6/6
    33 | D:1      | Reached skill level 1 in Conjurations
   399 | D:1      | HP: 7/14 [dart slug/slug dart (3)]
   413 | D:1      | HP: 2/14 [dart slug/slug dart (5)]
   415 | D:1      | Reached XP level 2. HP: 3/20 MP: 0/8
   491 | D:1      | Learned a level 2 spell: Blink
  2006 | D:2      | Reached XP level 3. HP: 26/26 MP: 2/10
  2902 | D:2      | HP: 8/26 [worm (9)]
  2904 | D:2      | Slain by a worm

Skill      XL: |  1  2  3 |
---------------+----------+-----
Conjurations   | 1 2 |  2.7
Dodging        | 2 |  2.2
Stealth        | 2 |  2.2
Spellcasting   | |  2.9
Summonings     | |  0.8
Translocations | |  0.8

Action                   || total
-------------------------++-------
Melee: Unarmed           ||     1
 Cast: Magic Dart        ||   135
  Use: Scroll            ||     8
  Eat: Chunk             ||     6
Armor: Robe              ||     3
Dodge: Dodged            ||    18

Vault maps used:
D:1:      lemuel_arrival_river_ford, serial_bayou_lagoon_a
D:2:      wad_river_or_something
